 Dungeon Sprint DCSS version 0.27-a0-1144-g0b7d3b79db (webtiles) character file.

Game seed: 10822040653709969543

3693 Zeld the Zephyrmancer (level 10, -13/73 HPs)
             Began as an Octopode Air Elementalist on May 10, 2021.
             Was a High Priest of Sif Muna.
             Mangled by a +1 long sword of electrocution (18 damage)
             ... in the Dungeon (Sprint V: "Ziggurat Sprint").
             The game lasted 00:04:37 (1600 turns).

Zeld the Zephyrmancer (Octopode Air Elementalist)   Turns: 1600, Time: 00:04:38

Health: -13/73     AC:  3    Str: 14    XL:     10   Next: 13%
Magic:  9/23       EV: 20    Int: 33    God:    Sif Muna [*****.]
Gold:   0          SH:  0    Dex: 11    Spells: 15/27 levels left

rFire    . . .     SeeInvis .   (no weapon)
rCold    . . .     Faith    .   (no shield)
rNeg     . . .     Spirit   .   r - +2 hat "Lima" {rPois Str+7}
rPois    +         Reflect  .   (no amulet)
rElec    .         Harm     .   u - +6 ring of intelligence
rCorr    .         Rampage  .   t - +6 ring of intelligence
Will     .....     NoTele   +   A - +4 ring of evasion
Stlth    +++.......             (no ring)
HPRegen  0.22/turn              (no ring)
MPRegen  0.18/turn              (no ring)
                                (no ring)
                                (no ring)

@: slowed, very slow
A: almost no armour, amphibious, 8 rings, camouflage 1, gelatinous body 1,
(nimble swimmer 1), tentacles, clumsy 1, deterioration 1
a: Renounce Religion, Channel Magic, Forget Spell, Divine Exegesis


You were in the Dungeon.
You worshipped Sif Muna.
Sif Muna was extremely pleased with you.
You visited 1 branch

Inventory:

Armour
 p - a +3 tower shield
 r - the +2 hat "Lima" (worn) {rPois Str+7}
   (You found it in the Dungeon)

   It affects your strength (+7).
   It protects you from poison.
Jewellery
 t - a +6 ring of intelligence (right tentacle)
 u - a +6 ring of intelligence (left tentacle)
 A - a +4 ring of evasion (on tentacle)
Wands
 q - a wand of mindburst (7)
 s - a wand of acid (6)
Scrolls
 j - 4 scrolls of amnesia
 l - 7 scrolls of fog
 m - a scroll of holy word
 n - 5 scrolls of identify
Potions
 a - 2 potions of brilliance
 b - 11 potions of curing
 c - 10 potions of heal wounds
 d - 6 potions of haste
 e - 5 potions of magic
 f - 3 potions of berserk rage
 g - a potion of mutation {unknown}
 h - a potion of invisibility
 i - 4 potions of resistance
 k - 5 potions of might
Miscellaneous
 v - a lightning rod (4/4)
 w - a lightning rod (4/4)
 x - a tin of tremorstones (2/2)
 y - a box of beasts
 z - a condenser vane


   Skills:
 + Level 8.6 Fighting
 + Level 8.6 Dodging
 - Level 2.6 Stealth
 + Level 9.0 Spellcasting
 - Level 1.0 Conjurations
 * Level 13.2 Air Magic
 * Level 12.5 Invocations


You had 15 spell levels left.
You knew the following spells:

 Your Spells              Type           Power      Damage    Failure   Level
a - Shock                 Conj/Air       100%       1d9       1%          1
b - Static Discharge      Conj/Air       58%        N/A       1%          2
c - Airstrike             Air            40%        N/A       1%          4
d - Lightning Bolt        Conj/Air       29%        1d45      4%          5

Your spell library contained the following spells:

 Spells                   Type           Power      Damage    Failure   Level
 Magic Dart               Conj           84%        1d7       1%          1
 Corpse Rot               Necr/Air       N/A        N/A       1%          2
 Mephitic Cloud           Conj/Pois/Air  46%        N/A       1%          3
 Swiftness                Air            80%        N/A       1%          3
 Foxfire                  Conj/Fire      72%        2x1d7     2%          1
 Corona                   Hex            15%        N/A       3%          1
 Blink                    Tloc           N/A        N/A       4%          2
 Call Imp                 Summ           14%        N/A       4%          2
 Ensorcelled Hibernation  Hex/Ice        28%        N/A       4%          2
 Slow                     Hex            14%        N/A       4%          2
 Sublimation of Blood     Necr           7%         N/A       4%          2
 Silence                  Hex/Air        27%        N/A       6%          5
 Conjure Flame            Conj/Fire      18%        6-21      8%          3
 Inner Flame              Hex/Fire       14%        N/A       10%         3
 Summon Guardian Golem    Hex/Summ       14%        N/A       10%         3
 Sticky Flame             Conj/Fire      18%        2d4       26%         4
 Cause Fear               Hex            7%         N/A       30%         4
 Leda's Liquefaction      Hex/Erth       7%         N/A       30%         4
 Bolt of Magma            Conj/Fire/Erth 8%         4d6       58%         5
 Borgnjor's Vile Clutch   Necr/Erth      7%         N/A       65%         5
 Lee's Rapid Deconstruct  Erth           7%         3d7*      65%         5
 Starburst                Conj/Fire      9%         8x6d5     98%         6
 Invisibility             Hex            14%        N/A       99%         6
 Shadow Creatures         Summ           N/A        N/A       99%         6
 Borgnjor's Revivificati  Necr           7%         N/A       100%        8
 Ignition                 Fire           7%         3d4       100%        8
 Infestation              Necr           7%         N/A       100%        8
 Necromutation            Tmut/Necr      7%         N/A       100%        8
 Death's Door             Necr           7%         N/A       100%        9
 Animate Armour           Summ/Erth      Unusable   N/A       N/A         4

Dungeon Overview and Level Annotations

Branches:
Dungeon (1/1)

Altars:
Ashenzari
Cheibriados
Dithmenos
Elyvilon
Fedhas
Gozag
Hepliaklqana
Kikubaaqudgha
Makhleb
Nemelex Xobeh
Okawaru
Qazlal
Ru
Sif Muna
Trog
Uskayaw
Vehumet
Wu Jian
Xom
Yredelemnul
Zin
The Shining One
Beogh
Jiyva
Lugonu


Innate Abilities, Weirdness & Mutations

You cannot wear most types of armour.
You are amphibious.
You can wear up to eight rings at the same time.
Your skin changes colour to match your surroundings (Stealth+).
Your rubbery body absorbs attacks. (AC +1, EV +1)
((You are camouflaged near water. (Stealth+)))
You have tentacles for arms and can constrict up to eight enemies at once.
You are clumsy. (Dex -2)
Your body sometimes deteriorates upon taking damage.


Message History

The deep elf knight flickers and vanishes!
Deactivating autopickup; reactivate with Ctrl-A.
The deep elf archer gestures at you while chanting.
You feel as though you will be slow longer.
Casting: Lightning Bolt (dangerous; 4% risk of failure)
Confirm with . or Enter, or press ? or * to list all spells.
Aiming: Lightning Bolt (dangerous; 4% risk of failure)
Press: ? - help, Shift-Dir - straight line, p - earth elemental You hear a mighty clap of thunder!
The bolt of lightning hits something!!
The deep elf zephyrmancer casts a spell.
The deep elf zephyrmancer blinks!
The deep elf knight wields a +0 shortbow.
The deep elf knight shoots an arrow.
The arrow barely misses you.
Unknown command.
Casting: Lightning Bolt (dangerous; 4% risk of failure)
Confirm with . or Enter, or press ? or * to list all spells.
Aiming: Lightning Bolt (dangerous; 4% risk of failure)
Press: ? - help, Shift-Dir - straight line You hear a mighty clap of thunder!
The bolt of lightning hits the +2 flail of venom.
The +2 flail of venom completely resists.
The bolt of lightning misses the earth elemental.
The +2 flail of venom hits you!
The +1 long sword of electrocution barely misses you.
The +2 flail of venom hits you!
The +1 long sword of electrocution hits you!
The +2 flail of venom hits you!
* * * LOW HITPOINT WARNING * * *
Unknown command.
As you read the scroll of fear, it crumbles to dust.
You assume a fearsome visage.
The +2 flail of venom is unaffected.
The deep elf zephyrmancer looks frightened!
The +1 long sword of electrocution is unaffected.
The deep elf knight resists with almost no effort.
The deep elf archer looks frightened!
The earth elemental is unaffected.
The +1 long sword of electrocution hits you!
* * * LOW HITPOINT WARNING * * *
You are electrocuted!!
You die...

▓..8©8..▓
▓..|)==...▓..)"[..▓
▓...===...▓..)))..▓
▓...e.....▓.......▓
▓.........▓)......▓
▓.....e...▓...)...▓
▓...eE....▓...).).▓
▓.▓.((..▓.▓.▓.).▓.▓
▓....@....▓...©...▓
▓▓▓▓▓▓▓▓▓▓▓▓▓▓▓▓▓▓▓
▓..8©8..▓ ▓..).|..▓
▓...)...▓ ▓.......▓
▓.......▓ ▓.......▓
▓.......▓


You could see a deep elf archer (repels missiles, fleeing), a deep elf knight,
an earth elemental (corroded), a deep elf zephyrmancer (fleeing) and 2 dancing
weapons.

Vanquished Creatures
  4 draconians (D)
  A shining eye (D)
  A komodo dragon (shapeshifter) (D)
  A troll (D)
  A slime creature (D)
  Sigmund (D)
  3 neqoxecs (D)
  Duvessa (D)
  A necrophage (D)
  An ogre (D)
  An ogre (shapeshifter) (D)
  A phantom (D)
  Blork the orc (D)
  Dowan (D)
  A jelly (D)
  Crazy Yiuf (D)
  Jessica (D)
  2 shadow imps (D)
  An ufetubus (D)
  An adder skeleton (D)
  An endoplasm (D)
  A ball python skeleton (D)
  A giant cockroach zombie (D)
  A quokka skeleton (D)
30 creatures vanquished.

Notes
Turn   | Place    | Note
-------+----------+-------------------------------------------
     0 | D        | Zeld the Octopode Air Elementalist began the quest for the
                  | Orb.
     0 | D        | Reached XP level 1. HP: 11/11 MP: 3/3
     0 | D        | Found a shimmering blue altar of Sif Muna.
     0 | D        | Found a bloodstained altar of Trog.
     0 | D        | Found a sacrificial altar of Ru.
     0 | D        | Found a stormy altar of Qazlal.
     0 | D        | Found an iron altar of Okawaru.
     1 | D        | Found a sparkling altar of Nemelex Xobeh.
     1 | D        | Found a blossoming altar of Fedhas.
     2 | D        | Found the +6 Majin-Bo {vamp, MP+6 Int+6}
     2 | D        | Found the +9 heavy crossbow "Sniper" {vorpal, Acc+∞ SInv}
     2 | D        | Found the +10 dark maul {vorpal}
     2 | D        | Found the +15 Maxwell's patent armour {-Cast -Tele rElec
                  | Will+ rCorr}
     2 | D        | Found the +18 shield of the Gong {rElec rN+ Will+ EV-5}
     2 | D        | Found the +14 obsidian axe {vorpal, Drain Fly SInv}
     2 | D        | Found the +7 great mace "Firestarter" {inner flame, rF++}
     2 | D        | Found the +6 shillelagh "Devastator" {shatter}
     2 | D        | Found the +11 plutonium sword {Contam Stlth-}
     2 | D        | Found the +8 lance "Wyrmbane" {slay drac, rPois rF+ rC+
                  | AC+3}
     2 | D        | Found the +9 sword of Zonguldrok {reap}
     2 | D        | Found the +13 scythe of Curses {drain, Drain}
     2 | D        | Found the +5 sword of Power {vorpal}
     2 | D        | Found the +7 mace of Variability {chain chaos}
     2 | D        | Found the +7 Singing Sword {vorpal, sonic wave}
     2 | D        | Found the +8 storm bow {elec, penet}
     3 | D        | Reached skill level 6 in Air Magic
     3 | D        | Reached XP level 2. HP: 17/17 MP: 4/7
     3 | D        | Banished a spatial maelstrom
     4 | D        | Found a transporter.
     4 | D        | Found an ancient bone altar of Kikubaaqudgha.
     4 | D        | Found a viscous altar of Jiyva.
     4 | D        | Found a corrupted altar of Lugonu.
     4 | D        | Found a hazy altar of Hepliaklqana.
     4 | D        | Found a burning altar of Makhleb.
     4 | D        | Found an opulent altar of Gozag.
    32 | D        | Became a worshipper of Sif Muna the Loreminder
    36 | D        | Learned a level 2 spell: Static Discharge
   169 | D        | Entered arena 2.
   169 | D        | Noticed an ogre
   169 | D        | Noticed a troll
   169 | D        | Found a transporter.
   176 | D        | Killed an ogre
   177 | D        | Reached skill level 7 in Air Magic
   177 | D        | Reached XP level 3. HP: 12/24 MP: 9/9
   177 | D        | Reached XP level 4. HP: 14/29 MP: 10/10
   178 | D        | Killed a troll
   179 | D        | Reached skill level 5 in Spellcasting
   179 | D        | Reached skill level 9 in Air Magic
   179 | D        | Reached XP level 5. HP: 19/37 MP: 11/13
   179 | D        | Reached XP level 6. HP: 22/43 MP: 11/14
   184 | D        | Learned a level 4 spell: Airstrike
   190 | D        | Learned a level 5 spell: Lightning Bolt
   401 | D        | Entered arena 3.
   401 | D        | Noticed a slime creature
   401 | D        | Found a transporter.
   402 | D        | Reached * piety under Sif Muna
   405 | D        | Killed a slime creature
   406 | D        | Reached skill level 5 in Fighting
   406 | D        | Reached skill level 5 in Dodging
   406 | D        | Reached XP level 7. HP: 50/50 MP: 6/16
   511 | D        | Entered arena 4.
   511 | D        | Found a transporter.
   512 | D        | Reached ** piety under Sif Muna
   522 | D        | Got the +2 hat "Lima" {rPois Str+7}
   748 | D        | Entered arena 5.
   748 | D        | Noticed a draconian
   748 | D        | Noticed a draconian
   748 | D        | Noticed a draconian
   748 | D        | Noticed a draconian
   748 | D        | Found a transporter.
   749 | D        | Identified the +8 whip of Rofumidi {freeze, rPois rF- rN++
                  | Will+}
   754 | D        | Killed a draconian
   754 | D        | Reached *** piety under Sif Muna
   755 | D        | Reached skill level 10 in Air Magic
   755 | D        | Reached XP level 8. HP: 57/57 MP: 11/18
   763 | D        | Killed a draconian
   764 | D        | Reached skill level 11 in Air Magic
   774 | D        | Killed a draconian
   775 | D        | Reached skill level 10 in Invocations
   775 | D        | Reached XP level 9. HP: 23/64 MP: 5/20
   777 | D        | Killed a draconian
   778 | D        | Reached skill level 12 in Air Magic
   898 | D        | Entered arena 6.
   898 | D        | Found a transporter.
   900 | D        | Reached **** piety under Sif Muna
   909 | D        | Reached ***** piety under Sif Muna
   915 | D        | Got the Handbook of Malediction and Stones
  1023 | D        | Entered arena 7.
  1023 | D        | Noticed Sigmund
  1023 | D        | Noticed Jessica
  1023 | D        | Noticed Blork the orc
  1023 | D        | Noticed Crazy Yiuf
  1023 | D        | Noticed Dowan
  1023 | D        | Noticed Duvessa
  1025 | D        | Killed Dowan
  1029 | D        | Killed Sigmund
  1031 | D        | Killed Jessica
  1031 | D        | Identified Sif Muna's Tome of the Doomed Arsonist (Sif Muna
                  | gifted it to you in the Dungeon)
  1031 | D        | Received a gift from Sif Muna
  1032 | D        | Killed Duvessa
  1034 | D        | Killed Crazy Yiuf
  1035 | D        | Killed Blork the orc
  1039 | D        | Found a transporter.
  1290 | D        | Entered arena 8.
  1290 | D        | Noticed a shining eye
  1290 | D        | Noticed a komodo dragon
  1296 | D        | Killed a komodo dragon
  1296 | D        | Identified Sif Muna's Compendium of the Sinister Oath (Sif
                  | Muna gifted it to you in the Dungeon)
  1296 | D        | Received a gift from Sif Muna
  1296 | D        | Gained mutation: You are clumsy. (Dex -2) [a shining eye]
  1297 | D        | Reached skill level 13 in Air Magic
  1297 | D        | Reached XP level 10. HP: 73/73 MP: 11/22
  1297 | D        | Gained mutation: Your body sometimes deteriorates upon
                  | taking damage. [a shining eye]
  1300 | D        | Killed a shining eye
  1305 | D        | Found a transporter.
  1595 | D        | Entered arena 9.
  1595 | D        | Noticed a +2 flail of venom
  1595 | D        | Noticed a deep elf zephyrmancer
  1595 | D        | Noticed a +1 long sword of electrocution
  1595 | D        | Noticed a deep elf knight
  1595 | D        | Noticed a deep elf archer
  1595 | D        | Noticed a deep elf knight
  1600 | D        | Mangled by a +1 long sword of electrocution

Illustrated notes

Levels and vault maps discovered:
D:        sprint_v [room_start, room_1, room_2, room_3, room_4, room_5, room_6,
          room_7, room_8, room_9, room_10, room_11, room_12, room_13, room_14,
          room_15, room_16, room_17, room_18, room_19, room_20, room_21,
          room_22, room_23, room_24, room_25, room_26, room_27]

Skill      XL: |  1  2  3  4  5  6  7  8  9 10 |
---------------+-------------------------------+-----
Spellcasting   | 4 5 6 7 8 9 |  9.0
Air Magic      | 6 7 9 10 11 13 | 13.2
Fighting       | 2 4 5 6 7 8 |  8.6
Dodging        | 3 4 5 6 7 8 |  8.6
Invocations    | 3 6 7 9 10 12 | 12.5
Stealth        | |  2.6
Conjurations   | |  1.0

Action                   |  1- 3 |  4- 6 |  7- 9 | 10-12 || total
-------------------------+-------+-------+-------+-------++-------
Melee: Unarmed           |       |       |     9 |       ||     9
       Constrict         |       |       |     3 |       ||     3
       Tentacles         |       |       |     2 |       ||     2
 Cast: Airstrike         |       |     2 |     1 |       ||     3
       Lightning Bolt    |       |       |    30 |     7 ||    37
       Static Discharge  |       |       |     1 |       ||     1
       Shock             |       |       |     1 |       ||     1
Invok: Channel Magic     |       |       |     3 |     1 ||     4
Evoke: Wand              |     2 |     4 |     1 |     1 ||     8
       Lightning rod     |     1 |       |       |       ||     1
  Use: Potion            |     2 |       |     2 |       ||     4
       Scroll            |     1 |       |     4 |     1 ||     6
Armor: Skin              |       |       |     1 |       ||     1
Dodge: Dodged            |     2 |       |    22 |     2 ||    26

Table legend: (Time is in decaauts)
 A = Elapsed time spent in this place.
 B = Non-inter-level travel time spent in this place.
 C = Inter-level travel time spent in this place.
 D = Time resting spent in this place.
 E = Time spent auto-exploring this place.
 F = Levels seen in this place.
 G = Mean time per level.
                   A        B        C        D        E       F      G
               +--------+--------+--------+--------+--------+-----+--------+
         Total |   1600 |   1600 |      0 |   1363 |      0 |   1 | 1600.0 |
       Dungeon |   1600 |   1600 |      0 |   1363 |      0 |   1 | 1600.0 |
               +--------+--------+--------+--------+--------+-----+--------+

Top non-repeatable levels by time:
       D: 1600 daAuts
